AoeStats
← icetaylor

Arena

508159501Analyzed
2v2 RM · 9d ago on Sep 21, 2026· 22m 8s· 4 players
Game mode
Random Map
Map size
Medium (4 player)
Population
200
Speed
Normal
Resources
Standard
Victory
Conquest
Starting age
Dark Age
Ending age
Imperial Age
RankedLock teamsTeams togetherTeam positionsShared explorationLock speedFull tech treeHidden civsTurbo modeCheats
Victory
Defeat
🇨🇦 Khmer · Canada
1110
+19
🇺🇸 Cumans · United States
1110
+19
🇲🇽 Bohemians · Mexico
1237
-22
🇺🇸 Poles · United States
1111
-16
Sayri89
10:47 Feudal Age
15:14 Castle Age
13:48 Double-Bit Axe
14:58 Horse Collar
15:41 Loom
15:42 Town Watch
16:06 Stone Mining
16:46 Scale Barding Armor
17:33 Bow Saw
17:24 Fletching
17:46 Gold Mining
Exori
11:16 Feudal Age
16:33 Castle Age
14:50 Double-Bit Axe
17:35 Bow Saw
Mkid
7:59 Loom
10:31 Feudal Age
12:09 Double-Bit Axe
14:16 Horse Collar
icetaylor
8:27 Loom
10:26 Feudal Age
13:55 Castle Age
11:49 Double-Bit Axe
12:12 Horse Collar
16:01 Scale Barding Armor
Connection lost

Rejoining the realm…

Still unreachable

The connection could not be restored.

Session expired

The server has moved on; the page needs a fresh start.